cohdb
Replays
Latest Replays
All Replays
Popular Replays
Top Player Replays
Match Explorer
How It Works
Community
CoH3 Stats
Reddit
Sign in to upload your games and track your stats! →
Sign in with Steam
Match 41858330
Unlisted
Match 41858330
Overview
Messages
Build Orders
End
Construct Weapon Support Center
Selects Armored Battlegroup
Selects Assault Engineers
Assault Engineer Squad
M1919 Machine Gun Team
Assault Engineer Squad
Bazooka Squad
Mechanized Support Center
M1919 Machine Gun Team
Construct Barracks
Selects Strength in Steel
M1918 Browning Automatic Rifles
Riflemen Squad
Riflemen Squad
Riflemen Squad
Selects M31 Recovery Vehicle
Construct Medical Station
Construct Tank Depot
Selects War Machine
M18 Hellcat Tank Destroyer
Assault Engineer Squad
Grenade Package
Salvage Crew
Selects M8 Scott SPG
Designate Forward Repair Station
Selects UNKNOWN (2160077)
M4A3E8 Sherman Easy Eight
Improvised Armor
williamb1995
arekad92
amfriendly
|-J5D-| MAREK POLSKA
Husar
SIEPACZ
0
0
Comments
sign in to comment!
No comments posted yet!